 Dungeon Crawl Stone Soup version 0.31-a0-204-g7da18cac08 (webtiles) character file.

Game seed: 2375758005182664551

56 TrayleKats the Chopper (level 3, -1/34 HPs)
             Began as a Hill Orc Monk on June 27, 2023.
             Succumbed to a gnoll's poison
             ... on level 2 of the Dungeon.
             The game lasted 00:01:59 (1763 turns).

TrayleKats the Chopper (Hill Orc Monk)              Turns: 1763, Time: 00:02:00

Health: -1/34      AC:  2    Str: 15    XL:     3   Next: 97%
Magic:  3/3        EV: 12    Int: 10    God:
Gold:   169        SH:  0    Dex: 13    Spells: 2/2 levels left

rFire   . . .        a - +0 hand axe
rCold   . . .        d - orb {light}
rNeg    . . .        b - +0 robe
rPois   .            (no helmet)
rElec   .            (no cloak)
rCorr   .            (no gloves)
SInv    .            (no boots)
Will    .....        (no amulet)
Stlth   +            (no ring)
HPRegen 0.25/turn    (no ring)
MPRegen 0.08/turn

%: no passive effects
@: confused, lethally poisoned (-1 -> -32), ambrosia-drunk, glowing
A: no striking features
a: no special abilities


You were on level 2 of the Dungeon.
You visited 1 branch of the dungeon, and saw 3 of its levels.

You collected 169 gold pieces.

Inventory:

Hand Weapons
 a - a +0 hand axe (weapon)
Armour
 b - a +0 robe (worn)
 d - an orb of light (worn)
Scrolls
 f - 2 scrolls of identify {unknown}
 g - a scroll of fog {unknown}
 k - a scroll of teleportation {unknown}
Potions
 e - 3 potions of heal wounds {unknown}
 h - a potion of mutation {unknown}
 i - a potion of lignification {unknown}
 j - a potion of enlightenment {unknown}
 l - a potion of brilliance {unknown}


   Skills:
 + Level 4.7 Fighting
 + Level 5.2 Axes
 - Level 2.5 Dodging


You had 2 spell levels left.
You didn't know any spells.
Your spell library contained the following spells:

 Spells                   Type           Power      Damage    Failure   Level
 Ensorcelled Hibernation  Hex/Ice        0%         N/A       50%         2
 Passwall                 Tmut/Erth      0%         N/A       50%         2
 Swiftness                Air            0%         N/A       75%         3


Dungeon Overview and Level Annotations

Branches:
Dungeon (3/15)

Altars:
Fedhas

Annotations:
D:2 1 runed translucent door, Crazy Yiuf


Message History

You open the door.
You open the door. 2 gnolls come into view.
A gnoll is wielding a +1 whip of venom.
The gnoll shouts! x2
A gnoll comes into view. It is wielding a +0 whip.
There are monsters nearby!
There are monsters nearby!
There is a stone staircase leading up here.
The gnoll hits you but does no damage.
You climb upwards.
Level annotation: 1 runed translucent door, Crazy Yiuf
There is a stone staircase leading down here.
You barely miss the gnoll.
The gnoll hits you with a +1 whip of venom.
You are poisoned.
You barely miss the gnoll.
You feel very sick. The gnoll barely misses you.
You slash the gnoll!
The gnoll is heavily wounded.
You feel very sick.
The gnoll hits you with a +1 whip of venom.
You are more poisoned.
You hit the gnoll.
The gnoll is almost dead.
You feel very sick. The gnoll closely misses you.
You are too injured to fight recklessly!
You are too injured to fight recklessly!
You are too injured to fight recklessly!
You are too injured to fight recklessly!
You hit the gnoll.
The gnoll is almost dead.
You feel very sick.
The gnoll hits you with a +1 whip of venom!
* * * LOW HITPOINT WARNING * * *
You are more poisoned.
You are confused.
You feel invigorated.
You die...

### # ##.## ##
##...##
.##########....g##
................@#
.##########.....##
..# ##...## #.#
##.## #.# #.# #.#
#.# ..# #.#
^.###########.#
..............#


You could see a gnoll.

Vanquished Creatures
  An adder (D:2)
  4 bats
  4 endoplasms
  A giant cockroach (D:2)
  5 goblins (D:1)
  6 hobgoblins
  2 jackals (D:2)
  A quokka (D:1)
  4 ball pythons
  2 frilled lizards (D:2)
  9 kobolds
  2 rats (D:1)
41 creatures vanquished.

Notes
Turn   | Place    | Note
-------+----------+-------------------------------------------
     0 | D:1      | TrayleKats the Hill Orc Monk began the quest for the Orb.
     0 | D:1      | Reached XP level 1. HP: 19/19 MP: 1/1
   128 | D:1      | Reached XP level 2. HP: 27/27 MP: 2/2
   503 | D:1      | Reached XP level 3. HP: 33/33 MP: 3/3
   988 | D:2      | Reached skill level 5 in Axes
  1038 | D:2      | Found a faded altar of an unknown god.
  1059 | D:2      | Found a blossoming altar of Fedhas.
  1172 | D:2      | Found a runed translucent door.
  1173 | D:2      | Noticed Crazy Yiuf
  1763 | D:2      | Succumbed to a gnoll's poison

Illustrated notes

Levels and vault maps discovered:
D:1:      nzn_arrival_water_spiral, layout_basic, kennysheep_boxes
D:2:      layout_loops_ring, basic_altar, ebering_ecumenical_altar_mist,
          uniq_crazy_yiuf_cottage
D:3:      layout_basic, nicolae_overflow_crystal_walls, grunt_ministairs_3,
          uniq_robin, uniq_sigmund, uniq_natasha

Skill      XL: |  1  2  3 |
---------------+----------+-----
Fighting       | 4 |  4.7
Axes           | 5 |  5.2
Dodging        | |  2.5

Action                     || total
---------------------------++-------
  Melee: Hand axe          ||   123
    Use: Potion            ||     1
 Armour: Robe              ||    15
  Dodge: Dodged            ||    82

Table legend: (Time is in decaauts)
 A = Elapsed time spent in this place.
 B = Non-inter-level travel time spent in this place.
 C = Inter-level travel time spent in this place.
 D = Time resting spent in this place.
 E = Time spent auto-exploring this place.
 F = Levels seen in this place.
 G = Mean time per level.
                   A        B        C        D        E       F      G
               +--------+--------+--------+--------+--------+-----+--------+
         Total |   1776 |   1705 |     71 |      0 |   1411 |   3 |  592.0 |
       Dungeon |   1776 |   1705 |     71 |      0 |   1411 |   3 |  592.0 |
               +--------+--------+--------+--------+--------+-----+--------+

Top non-repeatable levels by time:
     D:2: 905 daAuts
     D:1: 764 daAuts
     D:3: 106 daAuts
